Description

Ling Bane Muta Innovation vs Serral Game 5 Golden Wall 2020

Build Order

Get SALT Encoding   

  13  0:12  Overlord  
  16  0:49   Hatchery  
  18  1:09   Extractor  
  17  1:15  Spawning Pool  
  20  1:49  Overlord  
  20  2:01  Zergling x4  
  20  2:02  Queen x2  
  26  2:12  Metabolic Boost  
  31  2:37  Overlord  
  32  2:38  Queen  
  32  2:39  Queen  
  36  2:45  Overlord  
  45  3:18  Lair  
  45  3:21  Extractor  
  46  3:37  Hatchery  
  46  3:39  Overlord x2  
  50  3:55  Extractor x2  
  51  3:58  Baneling Nest  
  51  4:00  Overlord x2  
  54  4:16  Spire  
Spawning Tool Build Advisor. Get it on Overwolf

Go to:

Details

  • Created by: ChimeChime_
  • Published on: Jun 11, 2022
  • Modified on: Jun 11, 2022
  • Patch: 4.11.0
  • Difficulty: Medium
Show
View Real Time Build Order
Export as new Build Order

Comments (0)

There are no comments. Be the first!

Create an account to comment!